 Dungeon Crawl Stone Soup version 0.32-a0-913-g739538afd8 (webtiles) character file.

Game seed: 14007374450560700739

34 Bediveer the Changeling (level 3, 0/55 HPs)
             Began as an Oni Shapeshifter on Apr 9, 2024.
             Succumbed to Terence's poison
             ... on level 3 of the Dungeon.
             The game lasted 00:01:36 (1385 turns).

Bediveer the Changeling (Oni Shapeshifter)          Turns: 1385, Time: 00:01:36

Health: 0/55       AC: 21    Str: 18    XL:     3   Next: 31%
Magic:  3/3        EV:  1    Int: 11    God:
Gold:   82         SH:  0    Dex: 10    Spells: 2/2 levels left

rFire   . . .        k - +0 short sword
rCold   . . .        (no shield)
rNeg    . . .        a - melded +0 animal skin
rPois   +            (helmet currently unavailable)
rElec   .            (cloak currently unavailable)
rCorr   .            (gloves unavailable)
SInv    .            (boots unavailable)
Will    .....        (no amulet)
Stlth   +            (no ring)
HPRegen 0.29/turn    (no ring)
MPRegen 0.08/turn

%: no passive effects
@: mighty, lethally poisoned (0 -> -10), tree-form, attractive
A: stationary, stasis, torment immunity, boosted hp, large, unfitting armour,
(horns 1), (tough skin 1), double potion healing, drunken brawling
a: no special abilities


You were on level 3 of the Dungeon.
You were a tree.
You visited 1 branch of the dungeon, and saw 3 of its levels.

You collected 82 gold pieces.

Inventory:

Hand Weapons
 k - a +0 short sword (weapon)
Armour
 a - a +0 animal skin (melded)
Talismans
 c - a beast talisman (active)
 d - a flux talisman
Scrolls
 e - a scroll of fog
 f - a scroll of identify
 h - 2 scrolls of enchant armour
 l - a scroll of enchant weapon
 m - a scroll of brand weapon
Potions
 i - a potion of curing {unknown}


   Skills:
 + Level 3.1 Fighting
 - Level 1.7 Dodging
 - Level 2.6 Unarmed Combat
 + Level 3.6 Shapeshifting


You had 2 spell levels left.
You didn't know any spells.
Your spell library contained the following spells:

 Spells                   Type           Power      Damage    Failure   Level
 Foxfire                  Conj/Fire      0%         2x1d4     34%         1
 Plasma Beam              Fire/Air       0%         2x1d10    100%        6
 Starburst                Conj/Fire      0%         6d3       100%        6


Dungeon Overview and Level Annotations

Branches:
Dungeon (3/15)

Altars:

Annotations:
D:3 Terence


Innate Abilities, Weirdness & Mutations

You are a tree.
Your roots penetrate the ground, keeping you stationary.
You cannot be teleported.
You are immune to unholy pain and torment.
Your maximum health is greatly increased.
Your equipment is partially melded.
You are too large for most types of armour.
((You have a pair of small horns on your head.))
((You have tough skin. (AC +1)))
You gain doubled healing and magic from potions.
Whenever you drink a healing potion, you attack all around you.


Message History

You are too injured to fight recklessly!
You are too injured to fight recklessly!
You are too injured to fight recklessly!
You are too injured to fight recklessly!
You are too injured to fight recklessly!
You are too injured to fight recklessly!
You are too injured to fight recklessly!
You are too injured to fight recklessly!
You are too injured to fight recklessly!
Your transformation has ended.
You turn into a tree.
Your +0 animal skin melds into your body.
Your roots penetrate the ground.
You feel very sick. Terence hits you but does no damage.
You hit Terence but do no damage.
You feel very sick. Terence hits you but does no damage.
You hit Terence but do no damage.
You feel sick. Terence completely misses you.
You hit Terence but do no damage.
You feel sick.
Terence hits you with a +2 mace of venom!
* * * LOW HITPOINT WARNING * * *
You are lethally poisoned!
Okay, then.
Okay, then.
It was a potion of might.
You feel very mighty all of a sudden.
* * * LOW HITPOINT WARNING * * *
You feel very sick.
Terence hits you with a +2 mace of venom.
* * * LOW HITPOINT WARNING * * *
Okay, then.
You hit Terence.
Terence is lightly wounded.
* * * LOW HITPOINT WARNING * * *
You feel very sick. Terence barely misses you.
It was a potion of attraction.
You feel attractive to monsters.
You die...

#....P.P.P..P.
#..#.#.#.#.#.#
#..#.P.#_#
#..#.#.#.#.#.#
#.....PP.P!P.P
#..#.#.#.#.#.#
#..#...#P#
#.#############...
#.........♣@....#
###########.......
#######


You could see Terence.

Vanquished Creatures
  5 ball pythons
  3 bats (D:1)
  An endoplasm (D:2)
  2 giant cockroaches (D:1)
  3 goblins
  A hobgoblin (D:1)
  2 jackals (D:1)
  7 kobolds
  2 frilled lizards (D:1)
  3 rats
29 creatures vanquished.

Notes
Turn   | Place    | Note
-------+----------+-------------------------------------------
     0 | D:1      | Bediveer the Oni Shapeshifter began the quest for the Orb.
     0 | D:1      | Reached XP level 1. HP: 19/19 MP: 1/1
   111 | D:1      | Reached XP level 2. HP: 26/28 MP: 2/2
   480 | D:1      | You fall into a shaft and drop 1 floor!
   536 | D:1      | Reached XP level 3. HP: 36/36 MP: 3/3
  1354 | D:3      | Found a faded altar of an unknown god.
  1373 | D:3      | Noticed Terence
  1385 | D:3      | Succumbed to Terence's poison

Illustrated notes

Levels and vault maps discovered:
D:1:      minmay_arrival_three_doors, layout_basic, minmay_pentomino_t2
D:2:      layout_basic
D:3:      minmay_roachtagon, layout_rooms, grunt_dithmenos_smoke_and_mirrors,
          serial_shops, nicolae_shop_hallway_plus,
          shapermc_ecumenical_altar_mp_urbaneastern, minivault_26, uniq_terence

Skill      XL: |  1  2  3 |
---------------+----------+-----
Fighting       | 2 3 |  3.1
Dodging        | |  1.7
Unarmed Combat | |  2.6
Shapeshifting  | |  3.6

Action                     || total
---------------------------++-------
  Melee: Unarmed           ||    73
         Headbutt          ||     7
         Short sword       ||     6
         Punch             ||     1
    Use: Scroll            ||     7
         Potion            ||     3
 Armour: Animal skin       ||    51
         Skin              ||     4
  Dodge: Dodged            ||    37

Table legend: (Time is in decaauts)
 A = Elapsed time spent in this place.
 B = Non-inter-level travel time spent in this place.
 C = Inter-level travel time spent in this place.
 D = Time resting spent in this place.
 E = Time spent auto-exploring this place.
 F = Levels seen in this place.
 G = Mean time per level.
                   A        B        C        D        E       F      G
               +--------+--------+--------+--------+--------+-----+--------+
         Total |   1380 |   1335 |     45 |     37 |   1087 |   3 |  460.0 |
       Dungeon |   1380 |   1335 |     45 |     37 |   1087 |   3 |  460.0 |
               +--------+--------+--------+--------+--------+-----+--------+

Top non-repeatable levels by time:
     D:1: 943 daAuts
     D:2: 393 daAuts
     D:3: 43 daAuts
